 Dungeon Crawl Stone Soup version 0.30.1-11-g7821555f0a (webtiles) character file.

Game seed: 14857144693825679639

450 Ijustatesigmund the Digger (level 7, -4/40 HPs)
             Began as a Gargoyle Earth Elementalist on Nov 20, 2023.
             Killed by divine providence
             ... invoked by an orc priest
              (12 damage)
             ... on level 5 of the Dungeon.
             The game lasted 00:06:20 (3893 turns).

Ijustatesigmund the Digger (GrEE)                   Turns: 3893, Time: 00:06:21

Health: -4/40      AC:  8    Str: 11    XL:     7   Next: 4%
Magic:  12/12      EV: 11    Int: 23    God:
Gold:   227        SH:  0    Dex: 10    Spells: 9/13 levels left

rFire   . . .        t - +3 mace "Coess" {protect, Int+5}
rCold   . . .        (no shield)
rNeg    + . .        a - +0 robe
rPois   ∞            A - +0 helmet
rElec   +            (no cloak)
rCorr   +            n - +0 pair of gloves
SInv    .            (no boots)
Will    .....        (no amulet)
Stlth   ++           w - ring of resist corrosion
HPRegen 0.26/turn    (no ring)
MPRegen 0.13/turn

%: no passive effects
@: brilliant, flying, unable to read
A: sickness immunity, AC +4, negative energy resistance 1, electricity
resistance, torment resistance 1, petrification resistance, big wings, inability
to read after injury 1
a: no special abilities


You were on level 5 of the Dungeon.
You visited 1 branch of the dungeon, and saw 5 of its levels.

You collected 227 gold pieces.

Inventory:

Hand Weapons
 e - a +0 whip
 t - the +3 mace "Coess" (weapon) {protect, Int+5}
   (You took it off a hobgoblin on level 2 of the Dungeon)

   Int:       It affects your intelligence (+5).
Armour
 a - a +0 robe (worn)
 c - a +0 buckler
 n - a +0 pair of gloves (worn)
 A - a +0 helmet (worn)
Magical Staves
 x - a staff of earth
Jewellery
 w - a ring of resist corrosion (left hand)
 z - a +6 ring of intelligence
Wands
 v - a wand of flame (18)
Scrolls
 g - 2 scrolls of blinking {unknown}
 h - 2 scrolls of teleportation {unknown}
 l - a scroll of identify {unknown}
 o - a scroll of amnesia {unknown}
 p - 3 scrolls of vulnerability {unknown}
 q - a scroll of enchant weapon {unknown}
 r - 2 scrolls of immolation {unknown}
 y - a scroll of fog {unknown}
 B - a scroll of fear {unknown}
Potions
 b - 2 potions of magic
 d - a potion of curing
 f - 2 potions of flight
 i - 2 potions of mutation
 j - a potion of brilliance
 k - a potion of cancellation {unknown}
 m - a potion of attraction {unknown}
 s - 2 potions of lignification {unknown}
 u - a potion of degeneration {unknown}
 C - a potion of heal wounds {unknown}


   Skills:
 - Level 2.8 Fighting
 + Level 1.9 Maces & Flails
 - Level 1.5 Dodging
 - Level 2.1 Stealth
 + Level 3.8 Spellcasting
 * Level 3.2 Conjurations
 - Level 0.7 Transmutations
 + Level 5.6 Earth Magic


You had 9 spell levels left.
You knew the following spells:

 Your Spells              Type           Power      Damage    Failure   Level
a - Sandblast             Erth           90%        2d19      1%          1
b - Stone Arrow           Conj/Erth      74%        3d11      5%          3

Your spell library contained the following spells:

 Spells                   Type           Power      Damage    Failure   Level
 Passwall                 Tmut/Erth      23%        N/A       4%          2
 Ensorcelled Hibernation  Hex/Ice        12%        N/A       16%         2
 Lesser Beckoning         Tloc           12%        N/A       16%         2
 Spider Form              Tmut/Pois      9%         N/A       28%         3
 Petrify                  Tmut/Erth      28%        N/A       28%         4
 Frozen Ramparts          Ice            12%        1d2       32%         3
 Gell's Gravitas          Tloc           6%         N/A       32%         3
 Teleport Other           Tloc           6%         N/A       32%         3
 Ice Form                 Ice/Tmut       9%         N/A       67%         4
 Anguish                  Hex/Necr       3%         N/A       71%         4
 Summon Ice Beast         Ice/Summ       6%         N/A       71%         4
 Summon Mana Viper        Hex/Summ       6%         N/A       96%         5
 Monstrous Menagerie      Summ           3%         N/A       100%        7


Dungeon Overview and Level Annotations

Branches:
Dungeon (5/15)
 Temple: D:4-7

Altars:
Ru
Vehumet
Xom
The Shining One


Innate Abilities, Weirdness & Mutations

You are immune to sickness and miasma.
Your stone body is resilient. (AC +4)
You are immune to poison.
You resist negative energy. (rN+)
You are resistant to electric shocks. (rElec)
You are resistant to unholy torment.
You are immune to petrification.
Your large and strong wings let you fly.
You occasionally lose the ability to read scrolls when taking damage.


Message History

The kobold hits you but does no damage.
A kobold comes into view. It is wielding a +0 whip.
Unknown command.
The kobold shouts!
You hit the orc priest but do no damage.
The orc priest is severely wounded.
You hear a shout!
The orc hits you from afar with a +0 trident.
The orc priest invokes the aid of Beogh against you.
Beogh smites you!
* * * LOW HITPOINT WARNING * * *
The kobold misses you.
It was a potion of curing.
You feel better. The orc closely misses you.
The orc priest hits you but does no damage.
The kobold closely misses you.
You feel better. The orc hits you but does no damage.
The orc priest mumbles some strange prayers to Beogh against you.
Beogh smites you!
* * * LOW HITPOINT WARNING * * *
It was a potion of mutation.
You feel extremely strange.
You occasionally lose the ability to read scrolls when taking damage.
Your wings grow larger and stronger.
The orc hits you but does no damage. The orc priest hits you with a +0 club.
* * * LOW HITPOINT WARNING * * *
A kobold comes into view. It is wielding a +0 whip.
It was a potion of brilliance.
You feel clever all of a sudden. The kobold brigand barely misses you.
The orc hits you but does no damage. The orc priest barely misses you.
You feel better. The kobold brigand closely misses you.
The orc barely misses you. The orc priest closely misses you.
It was a potion of flight.
You feel more buoyant.
The kobold brigand hits you with a +0 whip.
* * * LOW HITPOINT WARNING * * *
The orc closely misses you.
The orc priest invokes the aid of Beogh against you.
Beogh smites you!
You feel threatened and lose the ability to read scrolls!
You die...

....... #......#
#.# #
...#.##....>.# #.#
......#.###### .#
#.##....# #.......#
###.#...# ###.....#
......)..##########
#######..KKKKK@oo.#
###########.......#
###.....# .....#
....# #####


You could see a kobold brigand, an orc priest, an orc and 4 kobolds.

Vanquished Creatures
  2 ogres
  A hound (D:4)
  A sleepcap (D:5)
  Natasha (thrice) (D:2)
  A gnoll (D:1)
  4 adders
  An ufetubus (D:4)
  2 dart slugs (D:1)
  8 orcs
  9 ball pythons
  4 endoplasms
  2 giant cockroaches
  9 hobgoblins
  11 jackals
  4 quokkas
  5 bats
  A frilled lizard (D:2)
  5 goblins
  5 kobolds
  7 rats
85 creatures vanquished.

Notes
Turn   | Place    | Note
-------+----------+-------------------------------------------
     0 | D:1      | Ijustatesigmund the Gargoyle Earth Elementalist began the
                  | quest for the Orb.
     0 | D:1      | Reached XP level 1. HP: 10/10 MP: 3/3
   126 | D:1      | Reached XP level 2. HP: 16/16 MP: 0/5
   137 | D:1      | Reached skill level 1 in Fighting
   214 | D:1      | Reached skill level 4 in Earth Magic
   441 | D:1      | Reached XP level 3. HP: 20/20 MP: 1/6
   613 | D:1      | Found a faded altar of an unknown god.
  1471 | D:2      | Noticed Natasha
  1483 | D:2      | Killed Natasha
  1484 | D:2      | Reached XP level 4. HP: 10/26 MP: 5/8
  1560 | D:2      | Noticed Natasha
  1566 | D:2      | Killed Natasha
  1656 | D:2      | Identified the +3 mace "Coess" {protect, Int+5}
  1660 | D:2      | Noticed Natasha
  1669 | D:2      | Killed Natasha
  1670 | D:2      | Reached XP level 5. HP: 13/32 MP: 2/9
  1680 | D:2      | Learned a level 3 spell: Stone Arrow
  2000 | D:3      | Noticed an ogre
  2006 | D:3      | Killed an ogre
  2007 | D:3      | Reached skill level 1 in Maces & Flails
  2007 | D:3      | Reached skill level 1 in Conjurations
  2007 | D:3      | Reached skill level 5 in Earth Magic
  2007 | D:3      | Reached XP level 6. HP: 36/36 MP: 6/11
  3622 | D:4      | Found a sacrificial altar of Ru.
  3623 | D:4      | Found a glowing golden altar of the Shining One.
  3623 | D:4      | Found a radiant altar of Vehumet.
  3624 | D:4      | Found a shimmering altar of Xom.
  3659 | D:5      | Entered Level 5 of the Dungeon
  3671 | D:5      | Reached XP level 7. HP: 40/40 MP: 9/12
  3887 | D:5      | HP: 1/40 [orc priest/divine providence (12)]
  3890 | D:5      | Gained mutation: You occasionally lose the ability to read
                  | scrolls when taking damage. [potion of mutation]
  3890 | D:5      | Gained mutation: Your large and strong wings let you fly.
                  | [potion of mutation]
  3893 | D:5      | Killed from afar by an orc priest

Illustrated notes

Levels and vault maps discovered:
D:1:      onia_arrival_pyramid, layout_basic, shapermc_ecumenical_altar_ellora
D:2:      layout_rooms, minmay_misc_feat_pillars, uniq_natasha
D:3:      layout_rooms, serial_glass, glass_columns_a, glass_columns_a
D:4:      minmay_skewed_foursquare, layout_cave_pods,
          chequers_temple_overflow_statue_of_worship
D:5:      kennysheep_kobold_camp, layout_rooms

Skill      XL: |  1  2  3  4  5  6 |
---------------+-------------------+-----
Fighting       | 1 2 |  2.8
Earth Magic    | 4 5 |  5.6
Spellcasting   | 3 |  3.8
Maces & Flails | 1 |  1.9
Conjurations   | 1 3 |  3.2
Dodging        | |  1.5
Stealth        | |  2.1
Transmutations | |  0.7

Action                     |  1- 3 |  4- 6 |  7- 9 || total
---------------------------+-------+-------+-------++-------
  Melee: Unarmed           |    26 |       |       ||    26
         Dagger            |     3 |       |       ||     3
         Punch             |     2 |       |       ||     2
         Whip              |    21 |       |       ||    21
         Mace              |       |    55 |    16 ||    71
   Cast: Sandblast         |    39 |    47 |       ||    86
         Stone Arrow       |       |     2 |       ||     2
    Use: Potion            |       |       |     6 ||     6
   Stab: Sleeping          |     1 |       |       ||     1
 Armour: Robe              |    20 |    33 |    19 ||    72
  Dodge: Dodged            |    32 |    53 |    19 ||   104
